 Dungeon Crawl Stone Soup version 0.20.1-1-g8b1a95d (webtiles) character file.

95 Gremour the Slasher (level 4, 0/39 HPs)
             Began as a Minotaur Fighter on Dec 13, 2017.
             Killed from afar by Sigmund (2 damage)
             ... with a magic dart
             ... on level 3 of the Dungeon.
             The game lasted 00:09:33 (2325 turns).

Gremour the Slasher (Minotaur Fighter)              Turns: 2325, Time: 00:09:33

Health: 0/39       AC:  7    Str: 22    XL:     4   Next: 39%
Magic:  3/3        EV:  7    Int: 10    God:
Gold:   143        SH:  9    Dex: 11    Spells: 3/3 levels left

rFire    + . .     SeeInvis .   a - +0 long sword
rCold    + . .     Gourm    .   c - +0 shield
rNeg     . . .     Faith    .   d - +1 scale mail {rC+}
rPois    .         Spirit   .   (helmet restricted)
rElec    .         Reflect  .   (no cloak)
rCorr    .         Harm     .   (no gloves)
MR       .....                  (no boots)
Stlth    ..........             (no amulet)
Regen    0.2/turn               i - ring of protection from fire
MPRegen  0.1/turn               l - +2 ring of strength

@: brilliant
A: retaliatory headbutt, horns 2
a: no special abilities


You were on level 3 of the Dungeon.
You were hungry.

You visited 1 branch of the dungeon, and saw 3 of its levels.

You collected 143 gold pieces.

Inventory:

Hand Weapons
 a - a +0 long sword (weapon)
Armour
 c - a +0 shield (worn)
 d - a +1 scale mail of cold resistance (worn)
Jewellery
 i - a ring of protection from fire (left hand)
 l - a +2 ring of strength (right hand)
 t - a +3 amulet of reflection {unknown}
Wands
 s - a wand of flame (27/48)
Scrolls
 e - a scroll of identify {unknown}
 k - a scroll of teleportation {unknown}
 m - 3 scrolls of random uselessness {unknown}
 n - 3 scrolls of fog {unknown}
 r - a scroll of recharging {unknown}
 u - 3 scrolls of remove curse {unknown}
 w - 2 scrolls of magic mapping {unknown}
Comestibles
 b - 4 chunks of flesh
 f - a bread ration
 g - a royal jelly
 v - 2 fruits


   Skills:
 - Level 3.6 Fighting
 + Level 5.7 Long Blades
 - Level 3.6 Armour
 - Level 3.6 Shields


You had 3 spell levels left.
You didn't know any spells.

Dungeon Overview and Level Annotations

Branches:
Dungeon (3/15)

Altars:
Ru
Trog

Annotations:
D:3 Sigmund


Innate Abilities, Weirdness & Mutations

You reflexively headbutt those who attack you in melee.
You have a pair of horns on your head.


Message History

* * * LOW HITPOINT WARNING * * *
It was a potion of flight.
You feel very buoyant.
You fly up into the air.
It was a potion of cancellation.
Your magical effects are unravelling.
You feel magically purged.
You float gracefully downwards.
You block something's attack.
It was a potion of brilliance.
You feel clever all of a sudden. Something hits you.
* * * LOW HITPOINT WARNING * * *
Okay, then.
You hear a zap.
A puff of flame appears from out of thin air!
The puff of flame hits you! You resist.
* * * LOW HITPOINT WARNING * * *
Sigmund gestures at you while chanting. The magic dart hits you!
You die...

.# #.# #.# #.# #.# #
#################.###.#
#.......#...@........#
#.#####.#>######@..##.#
#.##......# #.....#
#.##.##.### ##...##
#.......# ##.##
####.#### #.# #...# #.#
###.# #'# # #.# #.(.#
#.


You could see Sigmund.

Vanquished Creatures
  Terence (D:2)
  An adder (D:2)
  A worm (D:2)
  2 dart slugs
  4 leopard geckos
  2 orcs
  3 giant cockroaches
  6 goblins
  5 hobgoblins
  6 bats
  5 frilled lizards
  6 kobolds
  7 rats
49 creatures vanquished.

Notes
Turn   | Place    | Note
-------+----------+-------------------------------------------
     0 | D:1      | Gremour the Minotaur Fighter began the quest for the Orb.
     0 | D:1      | Reached XP level 1. HP: 19/19 MP: 0/0
   160 | D:1      | Reached skill level 3 in Long Blades
   176 | D:1      | Reached XP level 2. HP: 24/26 MP: 1/1
   623 | D:1      | Reached skill level 4 in Long Blades
  1011 | D:2      | Reached XP level 3. HP: 26/31 MP: 2/2
  1329 | D:2      | Noticed Terence
  1373 | D:2      | Killed Terence
  1373 | D:2      | Reached skill level 5 in Long Blades
  1373 | D:2      | Reached XP level 4. HP: 4/39 MP: 3/3
  1713 | D:2      | Found a bloodstained altar of Trog.
  2140 | D:2      | Found a sacrificial altar of Ru.
  2292 | D:3      | Noticed Sigmund
  2319 | D:3      | HP: 1/39 [something/wand of flame (?/48) (5)]
  2325 | D:3      | Killed from afar by Sigmund

Skill      XL: |  1  2  3 |
---------------+----------+-----
Long Blades    | 3 4 5 |  5.7
Fighting       | |  3.6
Armour         | |  3.6
Shields        | |  3.6

Action                   |  1- 3 |  4- 6 || total
-------------------------+-------+-------++-------
Melee: Long sword        |    88 |    37 ||   125
       Headbutt          |     9 |     8 ||    17
Throw: Javelin           |       |     6 ||     6
  Use: Potion            |     2 |     7 ||     9
  Eat: Chunk             |     1 |     3 ||     4
Armor: Scale mail        |    46 |    12 ||    58
Dodge: Dodged            |    25 |    13 ||    38
Block: Shield            |    44 |    18 ||    62
       Rpst.: Long sword |     4 |     6 ||    10
